Map: 2000 Atmospheres LE

Players

jamestkirk - Winner!

  • Race: Terran Terran
  • League: Gold
  • Spawn Location: 3:00

PapaWhiskey

  • Race: Protoss Protoss
  • League: Gold
  • Spawn Location: 7:00

VOD

Have the link to the VOD?

Description

Time

  • Played on: June 6, 2021, 1:04 p.m.
  • Length: 14:29
Show
View Real Time Build Order
Export as new Build Order

jamestkirk Terran - Winner!

Build Orders:  

Get SALT Encoding   

  12  0:00  SCV  
  13  0:12  SCV  
  14  0:19  Supply Depot  
  14  0:24  SCV  
  15  0:41  SCV  
  15  0:42  Barracks  
  16  0:46  Refinery  
  16  0:53  SCV  
  17  1:05  SCV  
  18  1:17  SCV  
  19  1:30  Marine  
  19  1:32  Orbital Command  
  20  1:43  Command Center  
  20  1:48  Marine  
  21  1:57  Supply Depot  
  21  2:06  SCV  
  22  2:14  Factory  
  22  2:17  Barracks Reactor  
  22  2:18  SCV  
  23  2:30  SCV  
  24  2:42  SCV  
  25  2:54  SCV  
  25  2:58  Refinery  
  26  2:59  Factory Tech Lab  
  26  3:03  Marine x2, Barracks  
  28  3:06  Orbital Command  
  28  3:08  SCV  
  29  3:20  SCV  
  29  3:24  Marine x2  
  32  3:27  Siege Tank  
  32  3:32  SCV  
  36  3:38  SCV  
  37  3:41  Marine  
  37  3:42  Marine  
  37  3:44  SCV  
  40  3:50  SCV  
  40  3:54  Barracks Tech Lab  
  41  3:58  Starport  
  41  4:07  Marine x2  
  41  4:09  Siege Tank  
  46  4:20  Supply Depot  
  46  4:27  Supply Depot  
  46  4:30  Stimpack  
  46  4:42  SCV x2, Marine x3  
  51  4:47  Supply Depot  
  51  4:54  SCV x2, Siege Tank  
  51  4:57  Starport Reactor  
  56  5:01  Marine  
  56  5:02  Marine x2  
  56  5:06  SCV x2  
  61  5:18  SCV x2  
  61  5:19  Marine x2  
  61  5:20  Marine  
  66  5:26  Command Center  
  66  5:30  SCV x2  
  66  5:33  Supply Depot  
  68  5:42  SCV x2  
  68  5:44  Supply Depot  
  68  5:47  Supply Depot  
  70  5:55  SCV x2, Marine x3  
  75  6:04  Medivac  
  77  6:06  Medivac  
  77  6:07  SCV x2  
  77  6:10  Supply Depot  
  81  6:12  Marine x2  
  81  6:13  Marine  
  81  6:16  Siege Tank  
  81  6:18  Combat Shield  
  87  6:19  SCV x2  
  87  6:25  Refinery  
  89  6:26  Refinery  
  89  6:30  Marine x2, Engineering Bay x2  
  89  6:31  Marine  
  89  6:32  SCV x2  
  94  6:38  Medivac  
  57  6:40  Orbital Command  
  96  6:44  SCV x2  
  98  6:49  Barracks  
  98  6:53  Barracks  
  98  6:54  Barracks x2  
  98  6:55  Marine x2  
  98  6:56  Marine  
  101  7:08  Missile Turret  
  101  7:10  Terran Infantry Weapons Level 1  
  101  7:13  Marine  
  102  7:27  Marine x2  
  102  7:29  Medivac x2  
  108  7:31  Marine  
  109  7:56  Marine x3  
  112  8:02  Orbital Command  
  112  8:05  Armory  
  112  8:13  Marine  
  112  8:14  Marine  
  114  8:26  Marine  
  115  8:29  Medivac  
  115  8:30  Medivac  
  115  8:31  Marine  
  115  8:32  Marine  
  121  8:34  Barracks Reactor  
  121  8:35  Barracks Reactor x3  
  121  8:46  Marine  
  122  8:49  Marine x2  
  122  8:50  SCV  
  122  8:53  Terran Infantry Armor Level 1  
  125  8:57  SCV  
  125  9:02  SCV  
  117  9:09  SCV  
  118  9:14  SCV  
  119  9:21  SCV  
  112  9:34  Command Center  
  112  9:40  Marine x5  
  112  9:41  SCV  
  112  9:42  Marine x6  
  112  9:43  SCV, Command Center  
  125  9:46  Supply Depot  
  125  9:47  Supply Depot  
  125  9:48  Supply Depot  
  125  9:49  Terran Infantry Weapons Level 2  
  125  9:53  SCV  
  125  9:55  SCV  
  126  10:04  Marine  
  126  10:06  Marine  
  126  10:07  SCV, Marine x3  
  126  10:09  Marine x6  
  134  10:22  Marine  
  134  10:23  SCV x2  
  134  10:24  Marine  
  134  10:25  Marine x3  
  134  10:27  Marine x4  
  145  10:31  Marine  
  145  10:32  Marine  
  145  10:34  Medivac  
  145  10:35  SCV  
  150  10:45  SCV, Marine x2, Medivac, Thor  
  150  10:46  Supply Depot x2  
  150  10:47  SCV  
  150  10:49  Orbital Command, Supply Depot  
  162  10:55  Refinery  
  162  10:57  SCV, Refinery  
  162  11:00  Marine x2  
  162  11:01  Marine  
  166  11:08  Command Center  
  166  11:11  Planetary Fortress  
  166  11:14  SCV x2  
  166  11:16  Terran Infantry Armor Level 2  
  168  11:24  SCV  
  169  11:26  SCV x2  
  169  11:28  Marine x11  
  182  11:34  Thor  
  182  11:36  SCV  
  182  11:38  SCV  
  190  11:45  Marine  
  191  11:47  SCV  
  191  11:48  SCV x2  
  191  11:50  SCV  
  191  11:53  Marine x5  
  200  12:44  Barracks  
  200  12:46  Barracks  
  200  12:52  Barracks  
  200  12:55  Barracks  
  200  12:56  Barracks x2  
  197  12:59  Marine x8  
  186  13:21  Marine x11  
  197  13:33  Planetary Fortress  
  197  13:38  Missile Turret, Marine  
  197  13:39  Marine  
  199  13:52  Command Center  
  199  13:56  Command Center  
  199  14:08  Marine  
  199  14:09  Marine x10  
Show
View Real Time Build Order
Export as new Build Order

PapaWhiskey Protoss 

Build Orders: 1 Gate Expand 

Get SALT Encoding   

  12  0:00  Probe (Chrono Boost)  
  13  0:09  Probe (Chrono Boost)  
  14  0:17  Pylon  
  14  0:21  Probe  
  15  0:36  Gateway  
  15  0:39  Probe  
  16  0:47  Assimilator  
  16  0:51  Probe  
  17  1:03  Probe (Chrono Boost)  
  18  1:15  Probe (Chrono Boost)  
  19  1:20  Probe (Chrono Boost)  
  20  1:30  Nexus  
  20  1:34  Probe  
  21  1:43  Cybernetics Core  
  21  1:49  Assimilator  
  21  1:52  Probe  
  22  2:04  Probe  
  23  2:21  Warp Gate  
  23  2:25  Pylon  
  23  2:30  Gateway  
  23  2:37  Forge  
  23  2:41  Probe (Chrono Boost)  
  25  2:46  Probe (Chrono Boost)  
  25  2:56  Probe (Chrono Boost)  
  25  2:58  Assimilator, Probe (Chrono Boost)  
  27  3:00  Assimilator  
  27  3:05  Zealot  
  29  3:11  Probe  
  30  3:13  Probe  
  30  3:14  Twilight Council  
  31  3:22  Protoss Ground Weapons Level 1 (Chrono Boost)  
  31  3:24  Probe (Chrono Boost)  
  34  3:27  Zealot  
  34  3:30  Probe (Chrono Boost)  
  35  3:40  Zealot  
  38  3:42  Probe (Chrono Boost)  
  38  3:49  Probe (Chrono Boost)  
  38  3:51  Stargate  
  38  3:54  Charge  
  39  3:57  Probe  
  40  4:05  Pylon  
  40  4:07  Probe  
  41  4:12  Probe  
  41  4:16  Zealot  
  44  4:19  Probe  
  45  4:25  Gateway  
  45  4:28  Probe  
  46  4:31  Zealot  
  46  4:37  Phoenix  
  50  4:44  Probe  
  52  4:45  Probe  
  52  4:50  Zealot  
  54  4:58  Pylon  
  54  5:03  Shield Battery  
  54  5:11  Protoss Ground Armor Level 1 (Chrono Boost)  
  54  5:16  Probe x2  
  54  5:18  Phoenix  
  58  5:24  Pylon  
  58  5:28  Probe x2, Zealot  
  60  5:34  Robotics Facility  
  62  5:42  Probe x2  
  64  5:44  Phoenix  
  66  5:54  Probe  
  66  5:55  Probe  
  68  5:57  Zealot  
  68  6:03  Photon Cannon, Pylon  
  70  6:11  Pylon  
  70  6:14  Pylon  
  70  6:20  Phoenix  
  70  6:21  Probe x2  
  74  6:25  Immortal (Chrono Boost)  
  78  6:37  Zealot x3  
  84  6:51  Probe, Forge, Protoss Air Weapons Level 1 (Chrono Boost)  
  85  7:06  Nexus  
  85  7:07  Protoss Shields Level 1 (Chrono Boost)  
  85  7:11  Probe x2  
  87  7:23  Probe, Zealot x2  
  87  7:24  Zealot  
  87  7:27  Gateway  
  93  7:33  Pylon  
  93  7:38  Pylon  
  93  7:42  Protoss Ground Weapons Level 2 (Chrono Boost)  
  93  7:50  Pylon  
  93  7:51  Warp Prism, Phoenix  
  93  7:53  Pylon  
  97  7:59  Assimilator  
  97  8:04  Assimilator  
  97  8:07  Fleet Beacon, Zealot  
  97  8:08  Zealot x2  
  104  8:28  Probe (Chrono Boost)  
  104  8:30  Zealot x2  
  104  8:31  Probe (Chrono Boost), Zealot  
  111  8:37  Probe (Chrono Boost)  
  112  8:42  Probe (Chrono Boost)  
  113  8:57  Carrier  
  119  9:03  Protoss Ground Armor Level 2 (Chrono Boost)  
  113  9:11  Zealot  
  113  9:12  Zealot x3  
  101  9:37  Zealot x4  
  109  9:39  Stargate  
  109  9:46  Pylon  
  109  9:48  Pylon  
  109  9:53  Gateway  
  109  9:55  Gateway  
  91  10:08  Carrier (Chrono Boost)  
  75  10:15  Zealot x3  
  75  10:16  Zealot  
  83  10:28  Carrier (Chrono Boost)  
  97  10:39  Immortal  
  97  10:41  Zealot x2  
  97  10:42  Zealot x2  
  107  10:49  Mothership  
  109  11:03  Zealot x5  
  119  11:04  Protoss Air Armor Level 1 (Chrono Boost)  
  119  11:05  Carrier (Chrono Boost)  
  119  11:06  Zealot  
  119  11:08  Protoss Ground Weapons Level 3 (Chrono Boost)  
  127  11:28  Zealot x4  
  141  11:33  Carrier (Chrono Boost)  
  141  11:44  Protoss Ground Armor Level 3 (Chrono Boost)  
  141  11:56  Nexus  
  141  12:10  Phoenix (Chrono Boost)  
  141  12:15  Zealot x3  
  145  12:16  Zealot x3  
  153  12:48  Zealot x2  
  101  13:19  Zealot x5  
  99  13:20  Zealot  
  101  13:28  Phoenix x2  
  105  13:36  Probe  
  105  13:37  Shield Battery  
  106  13:49  Gateway  
  106  13:53  Zealot x5  
  106  13:54  Zealot  
  81  14:14  Zealot x2  
  81  14:15  Zealot x4  
Tags
 
Add a new tag
Caveats
  • Supply blocks, unpowered buildings, or Contaminate may cause inaccurate times.
  • Supply counts are checked every 10 seconds.